 Dungeon Crawl Stone Soup version 0.29-a0-330-g52719c12eb (webtiles) character file.

Game seed: 663563711663437936

17072 drugrobin the Cleaver (level 11, -3/99 HPs)
             Began as a Demigod Fighter on Apr 13, 2022.
             Slain by a seven-headed hydra (12 damage)
             ... on level 2 of the Lair of Beasts.
             The game lasted 00:33:41 (15131 turns).

drugrobin the Cleaver (Demigod Fighter)            Turns: 15131, Time: 00:33:41

Health: -3/99      AC: 25    Str: 35    XL:     11   Next: 87%
Magic:  14/14      EV:  9    Int: 10    God:
Gold:   415        SH:  0    Dex: 13    Spells: 10/10 levels left

rFire   + . .      SeeInvis +   T - +0 scimitar (flame)
rCold   . . .      Faith    .   (no shield)
rNeg    . . .      Spirit   .   C - +10 chain mail of the Sun {rF+}
rPois   .          Reflect  .   q - +0 helmet
rElec   .          Harm     .   M - +1 cloak
rCorr   .          Rampage  .   O - +1 pair of gloves
Will    +....                   I - +0 pair of boots
Stlth   ..........              n - amulet of the acrobat
HPRegen 0.26/turn               L - +6 ring of strength
MPRegen 0.14/turn               Q - ring of see invisible

@: no status effects
A: high MP 1, forlorn, divine attributes
a: no special abilities


You were on level 2 of the Lair of Beasts.
You visited 2 branches of the dungeon, and saw 12 of its levels.

You collected 662 gold pieces.
You spent 247 gold pieces at shops.

Inventory:

Hand Weapons
 a - a +3 battleaxe
 b - a +0 hunting sling
 c - a +1 flail of protection
 H - a +0 war axe
 T - a +0 scimitar of flaming (weapon)
Missiles
 z - 24 poisoned darts
 B - 4 boomerangs (quivered)
Armour
 q - a +0 helmet (worn)
 C - the +10 chain mail of the Sun (worn) {rF+}
   (You bought it in a shop on level 4 of the Dungeon)

   rF:        It protects you from fire.
 F - a +0 buckler
 I - a +0 pair of boots (worn)
 M - a +1 cloak (worn)
 O - a +1 pair of gloves (worn)
 R - +0 acid dragon scales
Jewellery
 n - an amulet of the acrobat (around neck)
 D - a ring of willpower
 L - a +6 ring of strength (left hand)
 Q - a ring of see invisible (right hand)
Wands
 w - a wand of paralysis (1)
 J - a wand of iceblast (3)
 P - a wand of charming (1)
 S - a wand of acid (6)
Scrolls
 e - 4 scrolls of fear {unknown}
 g - 2 scrolls of magic mapping
 j - 2 scrolls of vulnerability
 m - a scroll of holy word
 o - 9 scrolls of teleportation
 p - 2 scrolls of immolation
 r - 2 scrolls of silence
 t - 5 scrolls of amnesia {unknown}
 u - 2 scrolls of enchant armour {unknown}
 y - 4 scrolls of noise {unknown}
 U - a scroll of torment
Potions
 d - 4 potions of might
 f - 3 potions of heal wounds {unknown}
 h - a potion of mutation {unknown}
 k - 4 potions of magic {unknown}
 l - 5 potions of haste {unknown}
 s - 7 potions of curing {unknown}
 x - a potion of degeneration {unknown}
 E - a potion of attraction {unknown}
 G - a potion of brilliance {unknown}
 K - 2 potions of ambrosia {unknown}
 N - a potion of cancellation {unknown}
Miscellaneous
 i - a phantom mirror (inert)


   Skills:
 + Level 9.7 Fighting
 * Level 13.2 Axes
 - Level 2.6 Armour
 - Level 2.6 Shields
 + Level 9.1 Evocations


You had 10 spell levels left.
You didn't know any spells.
Your spell library contained the following spells:

 Spells                   Type           Power      Damage    Failure   Level
 Sting                    Tmut/Pois      0%         1d3       85%         1
 Corpse Rot               Necr/Air       0%         N/A       94%         2
 Poisonous Vapours        Pois/Air       0%         N/A       94%         2
 Static Discharge         Conj/Air       0%         N/A       94%         2
 Call Canine Familiar     Summ           0%         N/A       99%         3
 Portal Projectile        Hex/Tloc       0%         N/A       99%         3
 Dispel Undead            Necr           0%         3d6       100%        4
 Leda's Liquefaction      Hex/Erth       0%         N/A       100%        4
 Olgreb's Toxic Radiance  Pois           0%         N/A       100%        4
 Sticky Flame             Conj/Fire      0%         2d3       100%        4


Dungeon Overview and Level Annotations

Branches:
Dungeon (10/15)            Temple (0/1) D:6            Lair (2/6) D:10
 Shoals (0/4) Lair:2
  Snake: Lair:2-4    Spider: Lair:2-4       Orc: D:9-12

Shops:
D:4 [   D:5 (


Innate Abilities, Weirdness & Mutations

You have an increased reservoir of magic. (+10% MP)
You shall have no god before yourself.
Your divine heritage dramatically boosts your attributes as you level up.


Message History

The seven-headed hydra is lightly wounded.
The seven-headed hydra bites you.
The seven-headed hydra bites you but does no damage. x3
The seven-headed hydra bites you.
The seven-headed hydra bites you but does no damage. x2
The seven-headed hydra bites you! x5
* * * LOW HITPOINT WARNING * * *
The seven-headed hydra closely misses you.
The seven-headed hydra bites you but does no damage.
Unknown command.
Unknown command.
Unknown command.
Unknown command.
Unknown command.
Unknown command.
Unknown command.
Unknown command.
Unknown command.
Unknown command.
Unknown command.
Okay, then.
Unknown command.
Okay, then.
Aiming: Paralyse
Press: ? - help, Shift-Dir - straight line, f/p - seven-headed hydra
Aim: a seven-headed hydra (lightly wounded, chance to affect: 35%)
Okay, then.
Unknown command.
Aiming: Phantom Mirror
Press: ? - help, Dir - move target, f/p - seven-headed hydra
Aim: a seven-headed hydra (lightly wounded)
You reflect the seven-headed hydra with the mirror!
The mirror clouds!
The seven-headed hydra bites you but does no damage. x2
The seven-headed hydra bites you!
* * * LOW HITPOINT WARNING * * *
The seven-headed hydra bites you.
* * * LOW HITPOINT WARNING * * *
The seven-headed hydra bites you!
You die...

########.#
##### #.# ♣
♣♣.♣♣#.♣.♣
##.#♣.
#♣..D♣#♣.♣.
P.#.#
#.....#.♣.♣
..#.#
#.....#♣.♣.
#.#.#
#÷÷...#.♣.♣
#.#.# #
#.♣♣♣.#♣.♣.
#.#D#
#.♣♣.♣.♣♣♣♣.♣
#.@D#
#...♣♣♣......
##.#.#
#.♣♣.♣.♣♣♣♣.♣
#..#.# #
#.♣♣♣.#♣.♣.
##.#.#
#.....#.♣.♣
#.#.#
#.....#♣.♣.
#.#.#
#.....#.♣.♣
#.#♣.
#♣...♣#♣.♣.
#.# ♣
♣♣.♣♣#.♣.♣
#.# ### ###
#####


You could see a seven-headed hydra (ally target) and a friendly seven-headed
hydra (summoned, drained).

Vanquished Creatures
  2 hydras (Lair:2)
  A catoblepas (Lair:1)
  A centaur warrior (D:10)
  2 two-headed ogres
  Pikel (D:5)
  Joseph (D:8)
  A cane toad (Lair:1)
  Maggie (Lair:2)
  2 efreet (D:10)
  2 rime drakes (Lair:2)
  2 komodo dragons (Lair:2)
  3 trolls
  A polar bear (Lair:2)
  6 blink frogs
  A wraith (D:10)
  A wyvern (Lair:2)
  22 yaks
  Eustachio (D:4)
  3 basilisks
  2 acid dragons
  Menkaure (D:6)
  5 water moccasins
  An orc warrior (D:9)
  4 centaurs
  2 ogres
  4 wolves (Lair:1)
  6 bullfrogs
  2 kobold brigands
  A necrophage (D:5)
  3 scorpions
  18 wights
  12 killer bees
  4 hounds
  5 orc priests
  5 jellies
  3 iguanas (D:4)
  6 orc wizards
  4 gnolls (D:5)
  2 adders
  3 white imps
  19 orcs
  9 ball pythons
  2 bats
  4 endoplasms
  A giant cockroach (D:1)
  6 goblins
  6 hobgoblins
  2 quokkas
  4 frilled lizards
  14 kobolds
  12 rats
226 creatures vanquished.

Vanquished Creatures (others)
  7 fungi
  6 plants
13 creatures vanquished.

Grand Total: 239 creatures vanquished

Notes
Turn   | Place    | Note
-------+----------+-------------------------------------------
     0 | D:1      | drugrobin the Demigod Fighter began the quest for the Orb.
     0 | D:1      | Reached XP level 1. HP: 18/18 MP: 3/3
    99 | D:1      | Reached skill level 2 in Axes
   189 | D:1      | Reached XP level 2. HP: 17/25 MP: 4/4
  1548 | D:2      | Reached XP level 3. HP: 31/31 MP: 5/5
  1888 | D:3      | Reached skill level 3 in Axes
  2703 | D:4      | Found Rische's Antique Armour Shoppe.
  2895 | D:4      | Reached XP level 4. HP: 35/38 MP: 6/6
  2988 | D:4      | Reached skill level 1 in Evocations
  3223 | D:4      | Noticed an ogre
  3237 | D:4      | Killed an ogre
  3238 | D:4      | Reached skill level 4 in Axes
  3238 | D:4      | Reached XP level 5. HP: 46/46 MP: 7/7
  3685 | D:5      | Entered Level 5 of the Dungeon
  3690 | D:5      | Noticed Eustachio
  3727 | D:4      | Killed Eustachio
  3728 | D:4      | Reached XP level 6. HP: 36/52 MP: 8/8
  3870 | D:5      | Found Ymihang's Antique Weapon Shop.
  3874 | D:5      | Noticed a two-headed ogre
  3888 | D:5      | Killed a two-headed ogre
  3889 | D:5      | Reached skill level 5 in Fighting
  3889 | D:5      | Reached skill level 6 in Axes
  3889 | D:5      | Reached XP level 7. HP: 61/61 MP: 9/9
  3968 | D:5      | Noticed Pikel
  3980 | D:5      | Killed Pikel
  3981 | D:5      | Reached skill level 7 in Axes
  3981 | D:5      | Reached XP level 8. HP: 45/69 MP: 10/10
  4241 | D:4      | Bought a faintly glowing chain mail for 247 gold pieces
  4241 | D:4      | Identified the +10 chain mail of the Sun {rF+} (You bought
                  | it in a shop on level 4 of the Dungeon)
  5059 | D:6      | Noticed a troll
  5099 | D:6      | Killed a troll
  5100 | D:6      | Reached skill level 8 in Axes
  5100 | D:6      | Reached skill level 5 in Evocations
  5681 | D:6      | Noticed Menkaure
  5856 | D:6      | Killed Menkaure
  5857 | D:6      | Reached XP level 9. HP: 77/77 MP: 11/11
  6513 | D:6      | Found a staircase to the Ecumenical Temple.
  7702 | D:8      | Reached skill level 9 in Axes
  7956 | D:8      | Noticed Joseph
  7965 | D:8      | Killed Joseph
  9310 | D:9      | Reached skill level 10 in Axes
  9328 | D:9      | Reached XP level 10. HP: 55/86 MP: 13/13
 10176 | D:9      | Reached skill level 11 in Axes
 10497 | D:10     | Entered Level 10 of the Dungeon
 10499 | D:10     | Noticed a centaur warrior
 10533 | D:10     | Noticed a two-headed ogre
 10549 | D:10     | Killed a two-headed ogre
 10934 | D:10     | Killed a centaur warrior
 11138 | D:10     | Found a staircase to the Lair.
 11152 | Lair:1   | Entered Level 1 of the Lair of Beasts
 11152 | Lair:1   | Noticed a catoblepas
 11166 | Lair:1   | Killed a catoblepas
 11213 | Lair:1   | Reached XP level 11. HP: 73/95 MP: 14/14
 11786 | D:10     | Reached skill level 12 in Axes
 13152 | Lair:2   | Noticed Maggie
 13184 | Lair:2   | Killed Maggie
 14043 | Lair:2   | Noticed a six-headed hydra
 14043 | Lair:2   | Noticed a five-headed hydra
 14162 | Lair:2   | Reached skill level 13 in Axes
 14455 | Lair:2   | Killed a one-headed hydra
 14607 | Lair:2   | Found a staircase to the Shoals.
 14710 | Lair:2   | Killed a one-headed hydra
 15124 | Lair:2   | Noticed a seven-headed hydra
 15131 | Lair:2   | Slain by a seven-headed hydra

Illustrated notes

Levels and vault maps discovered:
D:1:      dpeg_arrival_erosion, layout_basic, basic_ecumenical_altar
D:2:      layout_loops_ring, minmay_rat_gold_closets
D:3:      layout_basic, nemelex_dance_club_becter, nrook_mini_vaults
D:4:      layout_loops_corners, kennysheep_little_box, serial_shops,
          nicolae_shop_crystal
D:5:      layout_loops_cross, nicolae_overflow_hidden_temple,
          mainiacjoe_overflow_alcove_1, serial_shops, shop_fountains,
          uniq_eustachio, uniq_pikel
D:6:      layout_basic, minmay_temple_entry_proselytizer, uniq_menkaure
D:7:      layout_basic, amcnicky_altar_gilded, grunt_temple_overflow_open
D:8:      layout_basic, uniq_joseph
D:9:      layout_irregular_city, mainiacjoe_overflow_six_doors_small,
          doesnt_xom_only_xom, jiyva_altar_1
D:10:     layout_basic, lair_entry_dummy, kb_rosetta
Lair:1:   layout_chaotic_city
Lair:2:   nzn_winding_woodlands_three_and_one
          [nzn_winding_woodlands_5x15_split_checker,
          nzn_winding_woodlands_5x15_parted,
          nzn_winding_woodlands_5x15_longhouse,
          nzn_winding_woodlands_center_lodge], layout_loops_ring,
          elwin_shoals_entry_rocks, uniq_maggie

Skill      XL: |  1  2  3  4  5  6  7  8  9 10 11 |
---------------+----------------------------------+-----
Axes           | 2 3 4 6 7 8 10 11 13 | 13.2
Fighting       | 3 4 5 6 7 8 9 |  9.7
Evocations     | 1 2 3 4 5 6 7 9 |  9.1
Armour         | |  2.6
Shields        | |  2.6

Action                   |  1- 3 |  4- 6 |  7- 9 | 10-12 || total
-------------------------+-------+-------+-------+-------++-------
Melee: War axe           |   129 |    52 |   147 |       ||   328
       Battleaxe         |       |       |   114 |   261 ||   375
       Scimitar          |       |       |       |    27 ||    27
       Punch             |       |       |       |     1 ||     1
Throw: Dart              |       |     1 |    11 |     6 ||    18
       Boomerang         |       |       |    27 |    13 ||    40
       Throwing net      |       |       |     1 |     2 ||     3
Evoke: Wand              |       |     2 |     4 |     4 ||    10
       Phantom mirror    |       |       |       |     1 ||     1
  Use: Scroll            |       |       |       |     8 ||     8
 Stab: Paralysed         |       |    15 |     7 |     2 ||    24
Armor: Scale mail        |    55 |    28 |    12 |       ||    95
       Chain mail        |       |       |   160 |   200 ||   360
Dodge: Dodged            |    42 |    44 |   144 |   163 ||   393
Block: Buckler           |    31 |    14 |    23 |       ||    68

Table legend: (Time is in decaauts)
 A = Elapsed time spent in this place.
 B = Non-inter-level travel time spent in this place.
 C = Inter-level travel time spent in this place.
 D = Time resting spent in this place.
 E = Time spent auto-exploring this place.
 F = Levels seen in this place.
 G = Mean time per level.
                   A        B        C        D        E       F      G
               +--------+--------+--------+--------+--------+-----+--------+
         Total |  15316 |  14721 |    595 |   2590 |   9084 |  12 | 1276.3 |
       Dungeon |  12018 |  11526 |    492 |   1594 |   7421 |  10 | 1201.8 |
          Lair |   3298 |   3195 |    103 |    996 |   1663 |   2 | 1649.0 |
               +--------+--------+--------+--------+--------+-----+--------+

Top non-repeatable levels by time:
  Lair:2: 1953 daAuts
     D:9: 1850 daAuts
     D:6: 1520 daAuts
     D:4: 1356 daAuts
  Lair:1: 1345 daAuts
     D:5: 1297 daAuts
     D:8: 1244 daAuts
    D:10: 1242 daAuts
     D:1: 1027 daAuts
     D:3: 964 daAuts
     D:7: 768 daAuts
     D:2: 746 daAuts
